 Dungeon Crawl Stone Soup version 0.30-a0-1066-g63dfefce0d (webtiles) character file.

Game seed: 5518302809914374125

464497 Ge0ff the Slayer (level 24, -5/273 HPs)
             Began as an Ogre Chaos Knight on Apr 11, 2023.
             Was the Champion of Okawaru.
             Slain by a vault warden
             ... wielding a +1 bardiche of protection
              (30 damage)
             ... on level 4 of the Vaults on Apr 12, 2023.
             The game lasted 02:22:50 (54988 turns).

Ge0ff the Slayer (Ogre Chaos Knight)               Turns: 54988, Time: 02:22:51

Health: -5/273     AC:  9    Str: 35    XL:     24   Next: 23%
Magic:  4/37       EV: 15    Int: 14    God:    Okawaru [******]
Gold:   2358       SH:  4    Dex: 14    Spells: 36/43 levels left

rFire   + + .      SeeInvis +    a - +3 glaive (heavy)
rCold   + + +      Faith    +    (shield currently unavailable)
rNeg    + . .      Spirit   .    Q - +4 troll leather armour
rPois   +          Reflect  .    w - -2 hat of the Alchemist {rElec rPois rF+ rC+ rN+ Will+ rMut rCorr}
rElec   +          Rampage  .    L - +1 cloak "Ypipp" {rF+}
rCorr   +                        (gloves unavailable)
rMut    +                        (boots unavailable)
Will    +++++                    D - amulet of faith
Stlth   ++                       G - ring "Wuonlodwir" {Will+ Str+3}
HPRegen 1.45/turn                Y - ring of Hesoq {rC+ Will+ SInv, =R}
MPRegen 0.25/turn

@: studying 3 skills
A: large, unfitting armour, tough skin 1, talons 1, large bone plates 1, agile
2, clever 1, cold resistance 1, deformed body, strong 1
}: 3/15 runes: decaying, serpentine, abyssal
a: Renounce Religion, Heroism, Finesse, Duel


You were on level 4 of the Vaults.
You worshipped Okawaru.
Okawaru was exalted by your worship.
You visited 8 branches of the dungeon, and saw 38 of its levels.
You visited the Abyss 3 times.
You visited 1 bazaar.
You also visited: Bailey, Gauntlet, Ice Cave and Wizlab.

You collected 6984 gold pieces.
You spent 4626 gold pieces at shops.

Inventory:

Hand Weapons
 a - a +3 heavy glaive (weapon)
 b - a +3 vampiric halberd
 h - the +10 glaive "Henk" {drain, Dex+4 Stlth+}
   (Okawaru gifted it to you on level 3 of the Vaults)

   Dex:       It affects your dexterity (+4).
   Stlth:     It makes you more stealthy.
Missiles
 g - a throwing net {=F}
 i - a silver javelin
 l - 26 javelins (quivered)
 v - 15 curare-tipped darts {=F}
 O - 47 large rocks
Armour
 w - the -2 hat of the Alchemist (worn) {rElec rPois rF+ rC+ rN+ Will+ rMut rCorr}
   (You found it in a wizard's laboratory)

   rF:        It protects you from fire.
   rC:        It protects you from cold.
   rElec:     It insulates you from electricity.
   rPois:     It protects you from poison.
   rN:        It protects you from negative energy.
   rCorr:     It protects you from acid and corrosion.
   rMut:      It protects you from mutation.
   Will:      It increases your willpower.
 L - the +1 cloak "Ypipp" (worn) {rF+}
   (Okawaru gifted it to you on level 3 of the Elven Halls)

   rF:        It protects you from fire.
 Q - a +4 troll leather armour (worn)
Jewellery
 D - an amulet of faith (around neck)
 G - the ring "Wuonlodwir" (left hand) {Will+ Str+3}
   (You found it on level 5 of the Lair of Beasts)

   [ring of willpower]

   Str:       It affects your strength (+3).
   Will:      It increases your willpower.
 Y - the ring of Hesoq (right hand) {rC+ Will+ SInv, =R}
   (You bought it in a shop in a bazaar)

   [ring of willpower]

   rC:        It protects you from cold.
   SInv:      It lets you see invisible.
   Will:      It increases your willpower.
Wands
 d - a wand of digging (13)
 j - a wand of light (20)
 k - a wand of iceblast (1)
 p - a wand of paralysis (46)
 s - a wand of mindburst (2)
 P - a wand of polymorph (25)
Scrolls
 m - 4 scrolls of magic mapping
 y - 7 scrolls of immolation
 B - 3 scrolls of blinking
 C - 4 scrolls of poison
 E - 9 scrolls of fear
 F - 5 scrolls of fog
 J - 2 scrolls of silence {!r}
 T - 9 scrolls of teleportation
 V - 8 scrolls of vulnerability
Potions
 o - 4 potions of ambrosia
 q - 26 potions of curing
 u - 10 potions of mutation {!q}
 z - 6 potions of brilliance
 A - 5 potions of attraction
 H - 6 potions of haste {!q}
 I - 4 potions of invisibility
 K - 7 potions of magic {!q}
 M - 7 potions of might
 N - 4 potions of cancellation {!q}
 R - 3 potions of resistance
 W - 11 potions of heal wounds {!q}
 X - 3 potions of flight
 Z - 5 potions of berserk rage {!q}
Miscellaneous
 c - a condenser vane (inert)
 n - a phial of floods
 t - a tin of tremorstones (2/2)


   Skills:
 - Level 22.0 Fighting
 * Level 21.7 Polearms
 + Level 14.5 Throwing
 - Level 12.0 Armour
 + Level 12.5 Dodging
 - Level 2.0 Stealth
 - Level 10.0 Spellcasting
 - Level 12.0 Translocations
 - Level 18.0 Invocations
 + Level 12.3 Evocations


You had 36 spell levels left.
You knew the following spells:

 Your Spells              Type           Power      Damage    Failure   Level
g - Apportation           Tloc           80%        N/A       1%          1
B - Blink                 Tloc           80%        N/A       1%          2
C - Manifold Assault      Tloc           40%        N/A       1%          4

Your spell library contained the following spells:

 Spells                   Type           Power      Damage    Failure   Level
 Lesser Beckoning         Tloc           80%        N/A       1%          2
 Momentum Strike          Conj/Tloc      46%        3d9       1%          2
 Volatile Blastmotes      Fire/Tloc      46%        2d13      2%          3
 Iskenderun's Mystic Bla  Conj/Tloc      23%        2d6       10%         4
 Foxfire                  Conj/Fire      28%        2x1d5     11%         1
 Kiss of Death            Conj/Necr      28%        2d7       11%         1
 Magic Dart               Conj           28%        1d4       11%         1
 Sandblast                Erth           14%        2d6       11%         1
 Dispersal                Tloc           20%        N/A       12%         6
 Cigotuvi's Dreadful Rot  Necr/Pois/Air  14%        N/A       17%         2
 Passwall                 Tmut/Erth      5%         N/A       17%         2
 Scorch                   Fire           14%        2d5       17%         2
 Searing Ray              Conj           14%        2d5       17%         2
 Static Discharge         Conj/Air       14%        2-3/arc   17%         2
 Confusing Touch          Hex            7%         N/A       32%         3
 Dazzling Flash           Conj/Hex       14%        N/A       32%         3
 Frozen Ramparts          Ice            14%        1d3       32%         3
 Hailstorm                Conj/Ice       7%         3d4       32%         3
 Inner Flame              Hex/Fire       7%         N/A       32%         3
 Mephitic Cloud           Conj/Pois/Air  7%         N/A       32%         3
 Ozocubu's Armour         Ice            7%         N/A       32%         3
 Stone Arrow              Conj/Erth      14%        3d7       32%         3
 Airstrike                Air            3%         2d(1-17)  73%         4
 Anguish                  Hex/Necr       3%         N/A       73%         4
 Cause Fear               Hex            3%         N/A       73%         4
 Dispel Undead            Necr           7%         3d8       73%         4
 Flame Wave               Conj/Fire      7%         2d5       73%         4
 Fulminant Prism          Conj/Hex       3%         3d5       73%         4
 Leda's Liquefaction      Hex/Erth       3%         N/A       73%         4
 Alistair's Intoxication  Tmut/Pois      4%         N/A       97%         5
 Fireball                 Conj/Fire      3%         3d4       97%         5
 Iskenderun's Battlesphe  Conj           7%         2d6       97%         5
 Lee's Rapid Deconstruct  Erth           3%         3d5*      97%         5
 Metabolic Englaciation   Hex/Ice        3%         N/A       97%         5
 Yara's Violent Unravell  Hex/Tmut       3%         3d4       97%         5
 Disjunction              Tloc           20%        N/A       99%         8
 Conjure Ball Lightning   Conj/Air       3%         3x3d6     100%        6
 Iron Shot                Conj/Erth      3%         9d2       100%        6
 Plasma Beam              Fire/Air       3%         2x1d15    100%        6
 Starburst                Conj/Fire      3%         6d3       100%        6
 Statue Form              Tmut/Erth      4%         N/A       100%        6
 Enfeeble                 Hex            3%         N/A       100%        7
 Orb of Destruction       Conj           3%         9d5       100%        7
 Ozocubu's Refrigeration  Ice            3%         4d8       100%        7
 Storm Form               Tmut/Air       3%         N/A       100%        7
 Maxwell's Capacitive Co  Air            3%         ∞         100%        8
 Call Imp                 Summ           Unusable   N/A       N/A         2
 Summon Forest            Summ/Tloc      Unusable   N/A       N/A         5
 Tukima's Dance           Hex            Unusable   N/A       N/A         3
 Summon Lightning Spire   Summ/Air       Unusable   N/A       N/A         4
 Death Channel            Necr           Unusable   N/A       N/A         6
 Simulacrum               Ice/Necr       Unusable   N/A       N/A         6
 Summon Cactus Giant      Summ           Unusable   N/A       N/A         6
 Spellforged Servitor     Conj/Summ      Unusable   N/A       N/A         7

Dungeon Overview and Level Annotations

Branches:
Dungeon (15/15) Zot: 25109  Temple (1/1) D:4 Zot: 5794    Lair (5/5) D:8 Zot: 24862
  Swamp (4/4) Lair:2 Zot: 20130   Snake (4/4) Lair:3 Zot: 17898   Slime (0/5) Lair:5
    Orc (2/2) D:12 Zot: 8888     Elf (3/3) Orc:2 Zot: 11632  Vaults (4/5) D:14 Zot: 15313
  Crypt (0/3) Vaults:3     Depths (0/4) D:15         Bailey (visited)
  IceCv (visited)          WizLab (visited)         Gauntlet (visited)

Altars:
Ashenzari
Cheibriados
Dithmenos
Elyvilon
Fedhas
Gozag
Hepliaklqana
Kikubaaqudgha
Makhleb
Nemelex Xobeh
Okawaru
Qazlal
Ru
Sif Muna
Trog
Uskayaw
Vehumet
Wu Jian
Xom
Yredelemnul
Zin
The Shining One
Jiyva

Shops:
D:6 :   D:7 (   Orc:2 =(*[   Elf:1 (=([[   Elf:2 (   Snake:2 !   Vaults:1 =
Vaults:4 :*

Annotations:
D:12 heavy +1 bard (24 skill)
Vaults:4 36 runed doors


Innate Abilities, Weirdness & Mutations

You are too large for most types of armour.
You have tough skin. (AC +1)
You have sharp toenails.
You are partially covered in large bone plates. (SH +4)
You are very agile. (Dex +8, Str/Int -2)
Your mind is acute. (Int +4, Str/Dex -1)
Your flesh is cold resistant. (rC+)
Armour fits poorly on your strangely shaped body.
Your muscles are strong. (Str +4, Int/Dex -1)


Message History

The ironbound convoker looks even sicker.
The vault warden is engulfed in poison gas.
The vault warden looks even sicker.
The vault warden is engulfed in poison gas.
The vault warden looks even sicker.
The vault warden hits you from afar with a +1 bardiche of protection!
The yaktaur is engulfed in poison gas.
The yaktaur looks even sicker.
The yaktaur shoots a bolt.
The bolt hits you!
The yaktaur is engulfed in poison gas.
The yaktaur looks even sicker.
The yaktaur shoots a bolt.
The bolt hits you!!
Casting: Manifold Assault (mildly dangerous; 1% risk of failure)
Confirm with . or Enter, or press ? or * to list all spells.
Space momentarily warps into an impossible shape!
You carve the vault guard like a ham!!!
You kill the vault guard!
Okawaru accepts your kill.
You slash the vault warden! You slice the yaktaur!!
You kill the yaktaur!
Okawaru accepts your kill.
The vault guard is engulfed in poison gas.
The vault guard looks even sicker.
You block the vault warden's attack.
The vault warden is engulfed in poison gas.
The vault warden looks as sick as possible!
The vault warden hits you from afar with a +1 bardiche of protection!!
The yaktaur is engulfed in poison gas.
The yaktaur looks as sick as possible!
The yaktaur shoots a bolt.
The bolt hits you.
You open the vault warden like a pillowcase!!!
You claw the vault warden!
The vault warden is almost dead.
The vault guard is engulfed in poison gas.
The vault guard looks as sick as possible!
The vault warden closely misses you.
The vault warden is engulfed in poison gas.
The vault warden looks as sick as possible!
The vault warden hits you from afar with a +1 bardiche of protection!!
* * * LOW HITPOINT WARNING * * *
The yaktaur is engulfed in poison gas.
The yaktaur looks as sick as possible!
The yaktaur shoots a bolt.
The bolt hits you!
* * * LOW HITPOINT WARNING * * *
You barely miss the vault warden.
The vault warden is almost dead.
The vault guard is engulfed in poison gas.
The vault guard looks as sick as possible!
The vault warden hits you with a +0 war axe!!
* * * LOW HITPOINT WARNING * * *
A deep troll comes into view.
The vault warden looks as sick as possible!
The vault warden hits you from afar with a +1 bardiche of protection!!
You die...
Xom titters!

########################
........................
........................
........................
................[.......
################+##+####
...§§c§@p..#
...§#§#p§..# .. ###p§§§#
#§§§§# §###§#. § .#.. T
.+.## §# .


You could see 2 vault wardens, a vault guard (extremely poisoned), a deep troll
and a yaktaur (extremely poisoned).

Vanquished Creatures
  An ancient lich (Abyss:3)
  Boris (twice) (Vaults:2 Vaults:3)
  Vashnia (Snake:2)
  Nikola (Elf:3)
  A bone dragon (Abyss:3)
  A tentacled monstrosity (Swamp:1)
  Jorgrun (Snake:1)
  Rupert (Lair:3)
  Asterion (Vaults:2)
  A walking crystal tome (WizLab)
  2 deep elf master archers (Elf:3)
  6 tentacled starspawn (Abyss:3)
  2 deep elf blademasters (Elf:3)
  2 thorn hunters (Swamp:1)
  Kirke (D:15)
  2 tengu reavers (D:12)
  2 nagarajas
  3 azure jellies (IceCv)
  A rockslime (IceCv)
  2 fenstrider witches
  Roxanne (Snake:2)
  A daeva (Abyss:3)
  A strange machine (WizLab)
  9 deep elf sorcerers
  9 vault wardens
  Aizul (Snake:3)
  Louise (Snake:4)
  15 ironbound preservers
  2 ghouls (Swamp:3)
  3 orc warlords
  5 deep elf elementalists (Elf:3)
  2 war gargoyles
  A cacodemon (Abyss:3)
  A caustic shrike skeleton (Abyss:3)
  6 ironbound thunderhulks
  3 quicksilver oozes (IceCv)
  17 very ugly things
  A stone giant (D:12)
  6 deep elf demonologists
  A vampire knight (Vaults:3)
  5 eleionomae
  A minotaur (Gauntlet)
  Azrael (D:12)
  5 deep elf annihilators (Elf:3)
  A red draconian (Abyss:3)
  9 dire elephants
  5 bunyips
  5 deep elf death magi (Elf:3)
  2 crystal guardians (Vaults:3)
  3 shambling mangroves (Swamp:4)
  3 deep elf high priests
  11 great orbs of eyes
  A spriggan zombie (Abyss:2)
  2 yaktaur captains
  An ice dragon (Lair:2)
  An entropy weaver (Vaults:1)
  3 vault guards
  3 ghost crabs
  The ghost of Raggonua the Destroyer, a journeyman MeCj (D:12)
  21 hydras
  5 salamander tyrants
  A spriggan air mage (Swamp:3)
  2 ogre magi
  8 rakshasas
  17 anacondas
  2 peacekeepers (Vaults:3)
  2 catoblepae
  11 two-headed ogres
  16 centaur warriors
  A death knight (D:14)
  5 death yaks (Lair:5)
  The ghost of hackum the Nimble, a novice DgGl (D:9)
  6 ironbound frosthearts
  5 boulder beetles
  A satyr (Abyss:3)
  3 tengu warriors
  15 naga warriors
  11 alligators
  7 shock serpents
  38 dancing weapons
  2 orc high priests (Orc:2)
  Urug (D:13)
  7 thrashing horrors (Abyss:3)
  A spectral dire elephant (Lair:5)
  A spriggan berserker (Swamp:3)
  20 naga sharpshooters
  5 hell knights (Abyss:3)
  22 deep elf knights
  3 wretched stars (Abyss:3)
  2 skysharks
  7 salamander mystics
  2 skeletal warriors
  2 sixfirhies (Abyss:3)
  A spectral anaconda (Lair:5)
  5 goliath frogs
  A sea snake (Snake:2)
  4 spriggan druids
  2 orange crystal statues (IceCv)
  An obsidian statue (Lair:5)
  42 deep trolls
  19 deep elf archers
  13 swamp dragons
  8 naga ritualists
  4 bog bodies
  2 lindwurms (Snake:4)
  25 deep elf zephyrmancers
  A phantasmal warrior (Vaults:3)
  13 orc knights
  10 necromancers
  8 wizards
  A tengu zombie (Vaults:1)
  10 ironbound convokers
  37 deep elf pyromancers
  A mana viper (shapeshifter) (D:14)
  8 orc sorcerers
  8 cyclopes
  28 mana vipers
  29 ugly things
  A worldbinder (Abyss:2)
  A tengu skeleton (Vaults:1)
  4 oklob plants (Lair:5)
  A human zombie (Vaults:2)
  3 manticores
  A fire giant zombie (Vaults:1)
  2 moths of wrath
  9 guardian serpents
  28 salamanders
  A frost giant zombie (Vaults:1)
  An elf zombie (Vaults:2)
  An elephant (shapeshifter) (Elf:3)
  A stone giant zombie (Vaults:2)
  5 elephants (Lair:5)
  An apocalypse crab (Abyss:3)
  6 will-o-the-wisps
  18 naga magi
  3 smoke demons (Abyss:3)
  37 black mambas
  A centaur zombie (D:15)
  A dire elephant zombie (Lair:5)
  10 cane toads
  13 large abominations (Abyss:3)
  An unseen horror (D:12)
  10 vault sentinels
  An eye of devastation (shapeshifter) (Abyss:3)
  3 ice devils (Lair:2)
  4 rime drakes
  2 efreet
  A hellion (Abyss:3)
  2 kobold demonologists
  29 yaktaurs
  A tengu conjurer (Gauntlet)
  8 komodo dragons
  4 ancient zymes (Abyss:3)
  9 trolls
  5 meliai
  9 tyrant leeches
  A queen bee (Bailey)
  2 polar bears
  11 hornets
  A polar bear (shapeshifter) (D:9)
  A tarantella (Vaults:1)
  16 blink frogs
  2 raiju (Abyss:3)
  An ettin zombie (Vaults:2)
  68 slime creatures
  A culicivora (Vaults:1)
  An air elemental (Elf:1)
  3 wraiths
  2 centaur simulacra (D:12)
  A culicivora (shapeshifter) (Abyss:3)
  A vampire (Abyss:3)
  2 shadows
  9 spriggans
  5 water elementals
  2 ynoxinuls (Abyss:3)
  47 yaks
  9 wyverns
  A human (shapeshifter) (Elf:1)
  23 starcursed masses (Abyss:3)
  2 steam dragons
  13 fire elementals
  3 hogs (D:15)
  5 basilisks
  2 fire bats (Abyss:3)
  2 death yak simulacra (Lair:2)
  A golden eye (Abyss:3)
  A redback (Vaults:1)
  26 vampire mosquitoes
  2 neqoxecs (Abyss:3)
  3 chaos spawn (Abyss:3)
  Menkaure (D:7)
  A harpy simulacrum (Lair:2)
  45 nagas
  3 wargs
  A redback simulacrum (D:15)
  An acid dragon (shapeshifter) (D:8)
  5 acid dragons
  18 water moccasins
  Duvessa (D:4)
  2 hell hounds (D:12)
  12 swamp worms
  42 orc warriors
  A sky beast (D:7)
  8 swamp drakes
  2 ice beasts
  8 great orb of eyes simulacra (IceCv)
  3 black bears
  17 ogres
  A human skeleton (Vaults:1)
  22 wolves
  10 centaurs
  4 boggarts (Vaults:2)
  2 slime creature simulacra (IceCv)
  A phantom (D:6)
  10 kobold brigands
  2 gnoll sergeants
  A bullfrog (D:9)
  4 scorpions
  3 glowing shapeshifter simulacra (IceCv)
  8 small abominations (Abyss:3)
  7 earth elementals
  A two-headed ogre simulacrum (Lair:2)
  2 cane toad simulacra (Lair:5)
  13 wights
  Dowan (D:4)
  A hornet simulacrum (D:15)
  16 killer bees
  A human simulacrum (Vaults:2)
  2 electric eels
  9 howler monkeys
  A gnoll bouda (D:6)
  2 hounds
  2 quasits (Abyss:3)
  Crazy Yiuf (D:2)
  4 jellies
  31 orc priests
  2 iron imps (Abyss:3)
  2 sleepcaps
  Jessica (D:3)
  A boggart zombie (D:15)
  Terence (D:3)
  4 iguanas
  34 orc wizards
  2 troll simulacra (Lair:2)
  3 wolf simulacra (Lair:2)
  Robin (D:2)
  8 gnolls
  A naga simulacrum (Lair:2)
  9 adders
  A shadow imp (D:6)
  6 white imps
  2 ufetubi
  A worm (D:2)
  3 dart slugs
  95 orcs
  3 bats
  2 endoplasms (D:1)
  2 giant cockroaches
  7 goblins
  8 hobgoblins
  4 jackals (D:2)
  3 quokkas
  5 ball pythons
  4 frilled lizards
  19 kobolds
  10 rats
  8 starspawn tentacles (Abyss:3)
1810 creatures vanquished.

Vanquished Creatures (others)
  A tengu conjurer (Gauntlet)
  A water moccasin (Lair:5)
  An orc wizard (D:6)
  An orc (D:6)
  19 foxfires
  15 fungi
  50 plants
  13 starspawn tentacles (Abyss:3)
  19 withered plants (Lair:5)
120 creatures vanquished.

Grand Total: 1930 creatures vanquished

Notes
Turn   | Place    | Note
-------+----------+-------------------------------------------
     0 | D:1      | Ge0ff the Ogre Chaos Knight began the quest for the Orb.
     0 | D:1      | Reached XP level 1. HP: 24/24 MP: 1/1
   279 | D:1      | Reached XP level 2. HP: 29/32 MP: 2/2
  1222 | D:2      | Reached XP level 3. HP: 37/40 MP: 3/3
  1239 | D:2      | XOM: silly message
  1424 | D:2      | Found a hide-covered altar of Uskayaw.
  1448 | D:2      | XOM: cloud trail
  1451 | D:2      | Noticed Robin
  1473 | D:2      | Reached skill level 1 in Stealth
  1475 | D:2      | XOM: divination: detect creatures
  1485 | D:2      | Killed Robin
  1486 | D:2      | Reached skill level 1 in Evocations
  1486 | D:2      | Reached XP level 4. HP: 35/49 MP: 2/4
  1860 | D:2      | XOM: divination: detect creatures
  1983 | D:2      | Found a runed translucent door.
  1984 | D:2      | Noticed Crazy Yiuf
  1989 | D:2      | Killed Crazy Yiuf
  2087 | D:3      | Found a snail-covered altar of Cheibriados.
  2188 | D:3      | Found a glowing silver altar of Zin.
  2261 | D:3      | Reached XP level 5. HP: 53/55 MP: 5/5
  2434 | D:3      | Noticed Jessica
  2440 | D:3      | Killed Jessica
  2441 | D:3      | Reached skill level 5 in Fighting
  2554 | D:3      | XOM: 4-stop teleportation journey
  2574 | D:3      | Found an opulent altar of Gozag.
  2693 | D:3      | Noticed Terence
  2718 | D:3      | Killed Terence
  2784 | D:3      | XOM: god gift: 5 stones
  2826 | D:4      | Found a bloodstained altar of Trog.
  2829 | D:4      | Found a shimmering altar of Xom.
  2832 | D:4      | Found a radiant altar of Vehumet.
  2835 | D:4      | Found a hide-covered altar of Uskayaw.
  2896 | D:4      | Found a staircase to the Ecumenical Temple.
  2951 | Temple   | Entered the Ecumenical Temple
  3142 | Temple   | Fell from the grace of Xom
  3142 | Temple   | Became a worshipper of Warmaster Okawaru
  3220 | D:4      | Reached XP level 6. HP: 65/66 MP: 6/6
  3326 | D:4      | Noticed Duvessa
  3334 | D:4      | Noticed Dowan
  3526 | D:4      | Killed Duvessa
  3526 | D:4      | XOM: blink monster(s)
  3527 | D:4      | Reached skill level 5 in Polearms
  3539 | D:4      | Killed Dowan
  3540 | D:4      | Reached XP level 7. HP: 62/74 MP: 7/7
  3696 | D:4      | XOM: draining
  3737 | D:4      | Found a burning altar of Makhleb.
  3738 | D:4      | Found a shadowy altar of Dithmenos.
  3801 | D:4      | XOM: summons 6 hostile demons
  3818 | D:4      | XOM: torment (36/63 hp)
  3960 | D:4      | XOM: cloud trail
  4050 | D:5      | Entered Level 5 of the Dungeon
  4421 | D:5      | Reached skill level 6 in Fighting
  4717 | D:5      | XOM: polymorph ufetubus -> white imp
  4770 | D:6      | Found Xyizaf's Book Shop.
  4870 | D:6      | Reached * piety under Okawaru
  5096 | D:6      | Reached XP level 8. HP: 84/84 MP: 8/8
  5116 | D:6      | XOM: swap monsters
  5154 | D:6      | Reached skill level 7 in Fighting
  5280 | D:6      | Found a stormy altar of Qazlal.
  5420 | D:6      | Reached ** piety under Okawaru
  5682 | D:6      | Gained mutation: You are clumsy. (Dex -2) [potion of
                  | mutation]
  5682 | D:6      | Gained mutation: Your flesh is cold resistant. (rC+)
                  | [potion of mutation]
  5682 | D:6      | Gained mutation: Your mind is acute. (Int +4, Str/Dex -1)
                  | [potion of mutation]
  6012 | D:6      | XOM: noise
  6193 | D:6      | XOM: stat loss: -2 Dex (3/5)
  6348 | D:6      | XOM: summons 3 hostile demons
  6607 | D:7      | Noticed Menkaure
  6612 | D:7      | Killed Menkaure
  6636 | D:7      | Reached XP level 9. HP: 25/93 MP: 5/9
  6773 | D:7      | Found a flagged portal.
  6782 | Bailey   | Entered a bailey
  6996 | Bailey   | Reached skill level 1 in Throwing
  6999 | Bailey   | a spriggan changed into a queen bee
  6999 | Bailey   | Noticed a queen bee
  7014 | Bailey   | Reached skill level 10 in Polearms
  7022 | Bailey   | Reached *** piety under Okawaru
  7050 | Bailey   | Killed a queen bee
  7106 | Bailey   | XOM: noise
  7383 | Bailey   | Noticed a two-headed ogre
  7399 | Bailey   | Killed a two-headed ogre
  7400 | Bailey   | Reached XP level 10. HP: 61/102 MP: 4/10
  7496 | Bailey   | Reached **** piety under Okawaru
  7496 | Bailey   | Identified the +10 rapier of the Reaper {drain, Dex+2}
  7704 | Bailey   | XOM: silly message
  7767 | D:7      | XOM: divination: detect creatures
  7896 | D:7      | XOM: 8-stop teleportation journey
  7928 | D:7      | XOM: noise
  7968 | D:7      | Reached skill level 1 in Armour
  8084 | D:7      | Noticed Joseph
  8086 | D:7      | Joseph changed into Joseph the basilisk
  8086 | D:7      | Noticed Joseph
  8094 | D:7      | Killed Joseph the basilisk
  8220 | D:7      | XOM: noise
  8435 | D:7      | XOM: noise
  8605 | D:7      | XOM: noise
  8705 | D:7      | Found Jogei's Weapon Emporium.
  8711 | D:7      | Bought 6 curare-tipped darts for 93 gold pieces
  8936 | D:8      | XOM: noise
  9073 | D:8      | Reached ***** piety under Okawaru
  9195 | D:8      | Reached skill level 1 in Invocations
  9203 | D:8      | Reached XP level 11. HP: 104/109 MP: 8/11
  9214 | D:8      | Found a staircase to the Lair.
  9450 | D:8      | XOM: give mutations
  9450 | D:8      | Lost mutation: You are clumsy. (Dex -2) [Xom's mischief]
  9450 | D:8      | Gained mutation: You are partially covered in large bone
                  | plates. (SH +4) [Xom's mischief]
  9450 | D:8      | Gained mutation: You have hidden genetic potential. [Xom's
                  | mischief]
  9450 | D:8      | Was forgiven by Xom
  9513 | D:8      | Noticed a centaur warrior
  9513 | D:8      | Noticed a manticore
  9515 | D:8      | Noticed an eight-headed hydra
  9519 | D:8      | Noticed a cyan ugly thing
  9706 | D:8      | Noticed a harpy
 10377 | D:9      | Found a transporter.
 10380 | D:9      | Noticed hackum's ghost (novice DgGl)
 10384 | D:9      | Noticed a moth of wrath
 10425 | D:9      | Found a transporter.
 10484 | D:9      | Received a gift from Okawaru
 10485 | D:9      | Reached skill level 8 in Fighting
 10799 | D:9      | Noticed a red ugly thing
 10799 | D:9      | Noticed a cyclops
 10810 | D:9      | Killed a cyclops
 10811 | D:9      | Killed a red ugly thing
 10887 | D:9      | Noticed a purple very ugly thing
 10899 | D:9      | Killed a purple very ugly thing
 10900 | D:9      | Reached skill level 5 in Evocations
 10916 | D:9      | Identified the staff of earth "Xemmior" {Dex+3}
 11097 | D:10     | Entered Level 10 of the Dungeon
 11584 | D:10     | Noticed a centaur warrior
 11587 | D:10     | Noticed a brown ugly thing
 11590 | D:10     | Noticed a deep elf pyromancer
 11592 | D:10     | Killed a centaur warrior
 11593 | D:10     | Reached skill level 15 in Polearms
 11593 | D:10     | Reached XP level 12. HP: 109/122 MP: 12/15
 11607 | D:10     | Reached skill level 9 in Fighting
 11615 | D:10     | Noticed a tengu warrior
 11635 | D:10     | Killed a tengu warrior
 11643 | D:10     | Gained mutation: You have great hidden genetic potential.
                  | [hidden potential]
 11996 | D:11     | Reached skill level 5 in Throwing
 11996 | D:11     | Reached skill level 5 in Invocations
 12077 | D:11     | Received a gift from Okawaru
 12179 | D:11     | Noticed a two-headed ogre
 12186 | D:11     | Killed a two-headed ogre
 12186 | D:11     | Reached ****** piety under Okawaru
 12186 | D:11     | Received a gift from Okawaru
 12277 | D:11     | Noticed a soul eater
 12284 | D:11     | Reached skill level 10 in Fighting
 12374 | D:11     | Identified the +0 hat of the Distant Future {Rampage rC+
                  | Regen+ Stlth-} (Okawaru gifted it to you on level 11 of the
                  | Dungeon)
 12374 | D:11     | Received a gift from Okawaru
 12774 | D:12     | Noticed a boulder beetle
 12779 | D:12     | Reached skill level 5 in Armour
 12794 | D:12     | Killed a boulder beetle
 12814 | D:12     | Noticed a two-headed ogre
 12850 | D:12     | Found a transporter.
 12851 | D:12     | Found a bloodstained altar of Trog.
 12851 | D:12     | Noticed a tengu warrior
 12859 | D:12     | Found a transporter.
 12864 | D:12     | Noticed Raggonua's ghost (journeyman MeCj)
 12938 | D:12     | Noticed Azrael
 12952 | D:12     | Killed Azrael
 12953 | D:12     | Reached XP level 13. HP: 124/135 MP: 12/17
 13119 | D:12     | Found a staircase to the Orcish Mines.
 13134 | D:12     | Reached skill level 11 in Fighting
 13259 | D:12     | Gained mutation: You are agile. (Dex +4, Str/Int -1)
                  | [hidden potential]
 13259 | D:12     | Lost mutation: You have great hidden genetic potential.
                  | [hidden potential expressed]
 13411 | D:12     | Noticed a tengu reaver
 13418 | D:12     | Killed a tengu reaver
 13478 | D:12     | Noticed a tengu reaver
 13660 | D:12     | Noticed a stone giant
 13671 | D:12     | Killed a stone giant
 13671 | D:12     | Received a gift from Okawaru
 13672 | D:12     | Reached skill level 12 in Fighting
 13806 | Lair:1   | Entered Level 1 of the Lair of Beasts
 14594 | Lair:2   | Identified the +1 hat of Indomitability {rPois} (Okawaru
                  | gifted it to you on level 2 of the Lair of Beasts)
 14594 | Lair:2   | Received a gift from Okawaru
 14624 | Lair:2   | Found a staircase to the Swamp.
 14661 | Lair:2   | Identified a scroll of acquirement
 14671 | Lair:2   | Acquired a manual of Fighting
 14872 | Lair:2   | Identified the +4 scale mail "Qeynoth" {Int+2}
 15130 | Lair:2   | Noticed an ice dragon
 15138 | Lair:2   | Killed an ice dragon
 15195 | Lair:2   | Identified the +9 short sword of the Special Demons {drain,
                  | rPois Will++ rCorr}
 15273 | Lair:2   | Acquired 1361 gold pieces
 15725 | Lair:3   | Reached skill level 13 in Fighting
 15812 | Lair:3   | Found a staircase to the Snake Pit.
 15853 | Lair:3   | Reached XP level 14. HP: 141/153 MP: 19/19
 15905 | Lair:3   | Noticed Rupert
 15930 | Lair:3   | Killed Rupert
 16017 | Lair:3   | Gained mutation: You have sharp toenails. [hidden
                  | potential]
 16639 | Lair:4   | Found a white marble altar of Elyvilon.
 16703 | Lair:4   | Reached skill level 14 in Fighting
 17130 | Lair:4   | You fall into a shaft and drop 1 floor!
 17130 | Lair:5   | Entered Level 5 of the Lair of Beasts
 17151 | Lair:5   | Found a gate leading to a gauntlet.
 17184 | Lair:5   | Identified the +0 kite shield "Oryick" {-Cast rElec Str+4}
                  | (Okawaru gifted it to you on level 5 of the Lair of Beasts)
 17184 | Lair:5   | Received a gift from Okawaru
 17196 | Lair:5   | Identified the ring "Wuonlodwir" {Will+ Str+3}
 17217 | Gauntlet | Entered a Gauntlet
 17217 | Gauntlet | Found a transporter.
 17229 | Gauntlet | Found a transporter.
 17230 | Gauntlet | Found a transporter.
 17231 | Gauntlet | Found a transporter.
 17238 | Gauntlet | Found a transporter.
 17241 | Gauntlet | Found a transporter.
 17242 | Gauntlet | Found a transporter.
 17249 | Gauntlet | Found a runed translucent door.
 17252 | Gauntlet | Found a transporter.
 17253 | Gauntlet | Found a transporter.
 17254 | Gauntlet | Found a transporter.
 17262 | Gauntlet | Found a transporter.
 17265 | Gauntlet | Found a transporter.
 17266 | Gauntlet | Found a transporter.
 17274 | Gauntlet | Found a transporter.
 17348 | Gauntlet | Upgraded the game from 0.30-a0-1053-gbd8d5ba0ad to
                  | 0.30-a0-1066-g63dfefce0d
 17404 | Gauntlet | Identified the ring "Mitan" {rC+ Str+2 Int+3}
 17520 | Lair:5   | Reached skill level 15 in Fighting
 17595 | Lair:5   | Found a hazy altar of Hepliaklqana.
 17674 | Lair:5   | Found a staircase to the Slime Pits.
 17744 | Lair:5   | Found a viscous altar of Jiyva.
 17897 | Lair:5   | Identified the +5 short sword of the Bruised Emperors
                  | {flame, Str+2} (Okawaru gifted it to you on level 5 of the
                  | Lair of Beasts)
 17897 | Lair:5   | Received a gift from Okawaru
 18155 | Lair:5   | Noticed a dire elephant
 18155 | Lair:5   | Noticed a dire elephant
 18208 | Lair:5   | Reached skill level 16 in Fighting
 18229 | Lair:5   | Killed a dire elephant
 18234 | Lair:5   | Killed a dire elephant
 18257 | Lair:5   | Got the Compilation of Shivering Superposition
 18407 | Lair:5   | Reached XP level 15. HP: 170/171 MP: 21/21
 18513 | Lair:5   | Identified the +0 hat of Incorporation {Int+2} (Okawaru
                  | gifted it to you on level 5 of the Lair of Beasts)
 18513 | Lair:5   | Received a gift from Okawaru
 18522 | Lair:5   | Reached skill level 5 in Dodging
 18540 | Lair:5   | Identified the staff of poison "Zucrum" {rElec rPois
                  | Will+++ Dex-3 SInv}
 18744 | Lair:5   | Reached skill level 17 in Fighting
 19131 | D:9      | Killed hackum's ghost
 19309 | D:12     | Killed a tengu reaver
 19820 | D:12     | Killed Raggonua's ghost
 19820 | D:12     | Received a gift from Okawaru
 19821 | D:12     | Reached skill level 18 in Fighting
 20384 | D:13     | Noticed Urug
 20390 | D:13     | Killed Urug
 20699 | D:14     | Identified the +2 ring mail "Lajoden" {*Corrode rElec rF+
                  | rC+}
 20808 | D:14     | Found a gate to the Vaults.
 21052 | D:14     | You fall into a shaft and drop 1 floor!
 21052 | D:15     | Entered Level 15 of the Dungeon
 21159 | D:15     | Found a frozen archway.
 21171 | IceCv    | Entered an ice cave
 21351 | IceCv    | Identified the +1 tower shield of Dim Light {rPois}
                  | (Okawaru gifted it to you in an ice cave)
 21351 | IceCv    | Received a gift from Okawaru
 21352 | IceCv    | Reached skill level 19 in Fighting
 21359 | IceCv    | Reached XP level 16. HP: 160/189 MP: 10/23
 21596 | IceCv    | Gained mutation: Your muscles are strong. (Str +4, Int/Dex
                  | -1) [hidden potential]
 21596 | IceCv    | Lost mutation: You have hidden genetic potential. [hidden
                  | potential expressed]
 21726 | IceCv    | Reached skill level 10 in Invocations
 21802 | IceCv    | Noticed an azure jelly
 21815 | IceCv    | Killed an azure jelly
 21846 | IceCv    | Found a viscous altar of Jiyva.
 21846 | IceCv    | Noticed an azure jelly
 21851 | IceCv    | Killed an azure jelly
 21851 | IceCv    | Noticed an azure jelly
 21854 | IceCv    | Noticed a rockslime
 21856 | IceCv    | Killed a rockslime
 21857 | IceCv    | Killed an azure jelly
 21876 | IceCv    | Got the ring "Foduywou" {Ice rElec Dex+3}
 22022 | D:15     | Found an opulent altar of Gozag.
 22156 | D:15     | Identified the +1 great sword "Eceguz Soasch" {protect,
                  | rPois rN+}
 22175 | D:15     | Noticed Kirke
 22183 | D:15     | Killed Kirke
 22200 | D:15     | Reached skill level 21 in Fighting
 22200 | D:15     | Reached XP level 17. HP: 205/205 MP: 24/24
 22487 | D:15     | Found a staircase to the Depths.
 23066 | Swamp:1  | Entered Level 1 of the Swamp
 23084 | Swamp:1  | Received a gift from Okawaru
 23417 | Swamp:1  | Acquired a manual of Invocations
 23789 | Swamp:1  | Noticed a tentacled monstrosity
 23808 | Swamp:1  | Killed a tentacled monstrosity
 24179 | Swamp:2  | Learned a level 2 spell: Blink
 24319 | Swamp:2  | Identified the scarf of Jeshru {harm, *Slow rElec rPois
                  | rCorr Dex+3}
 24519 | Swamp:2  | Reached skill level 1 in Spellcasting
 24681 | Swamp:3  | Reached skill level 1 in Translocations
 24704 | Swamp:3  | Reached XP level 18. HP: 148/215 MP: 26/26
 24706 | Swamp:3  | Identified the +1 robe "Zuriusoe" {Contam Regen+ Dex+2}
                  | (Okawaru gifted it to you on level 3 of the Swamp)
 24706 | Swamp:3  | Received a gift from Okawaru
 25435 | Swamp:4  | Entered Level 4 of the Swamp
 25556 | Swamp:4  | Learned a level 4 spell: Manifold Assault
 26141 | Swamp:4  | Reached skill level 10 in Throwing
 26483 | Swamp:4  | Received a gift from Okawaru
 26618 | Swamp:4  | Got a decaying rune of Zot
 26719 | Swamp:4  | Identified the +0 quarterstaff "Hesimp" {speed, rN+++
                  | Stlth+}
 27013 | Snake:1  | Entered Level 1 of the Snake Pit
 27258 | Snake:1  | Reached skill level 10 in Armour
 27282 | Snake:1  | Noticed Jorgrun
 27297 | Snake:1  | Killed Jorgrun
 27298 | Snake:1  | Reached XP level 19. HP: 212/226 MP: 25/28
 27678 | Snake:2  | Reached skill level 5 in Spellcasting
 27738 | Snake:2  | Noticed Vashnia
 27881 | Snake:2  | Reached skill level 5 in Translocations
 27948 | Snake:2  | Received a gift from Okawaru
 28238 | Snake:2  | Noticed Roxanne
 28343 | Snake:2  | Received a gift from Okawaru
 28902 | Snake:2  | Killed Vashnia
 29038 | Snake:2  | Found Xioch's Distillery.
 29055 | Snake:2  | Bought 2 potions of invisibility for 240 gold pieces
 29055 | Snake:2  | Bought a potion of curing for 45 gold pieces
 29055 | Snake:2  | Bought a potion of curing for 45 gold pieces
 29055 | Snake:2  | Bought a potion of curing for 45 gold pieces
 29055 | Snake:2  | Bought a potion of might for 60 gold pieces
 29055 | Snake:2  | Bought 2 potions of might for 120 gold pieces
 29055 | Snake:2  | Bought a potion of flight for 45 gold pieces
 29226 | Snake:2  | Killed Roxanne
 29312 | Snake:3  | Reached skill level 22 in Fighting
 29531 | Snake:3  | Noticed Aizul
 29556 | Snake:3  | Killed Aizul
 30401 | Snake:3  | Received a gift from Okawaru
 30519 | Snake:4  | Entered Level 4 of the Snake Pit
 30976 | Snake:4  | Received a gift from Okawaru
 31154 | Snake:4  | Noticed Louise
 31163 | Snake:4  | Killed Louise
 31164 | Snake:4  | Reached XP level 20. HP: 230/236 MP: 30/30
 32183 | Snake:4  | Received a gift from Okawaru
 32483 | Snake:4  | Received a gift from Okawaru
 32807 | Snake:4  | Got a serpentine rune of Zot
 33225 | Orc:1    | Entered Level 1 of the Orcish Mines
 33305 | Orc:2    | Entered Level 2 of the Orcish Mines
 33671 | Orc:2    | Found a staircase to the Elven Halls.
 33913 | Orc:1    | Found a transporter.
 33930 | Orc:1    | Found a transporter.
 33931 | Orc:1    | Found an ornate altar of the Wu Jian Council.
 33957 | Orc:1    | Found a transporter.
 33961 | Orc:1    | Found an ornate altar of the Wu Jian Council.
 33963 | Orc:1    | Found a transporter.
 34725 | Orc:2    | Received a gift from Okawaru
 35326 | Orc:2    | Received a gift from Okawaru
 35888 | Orc:2    | Found Daivanal's Antique Armour Boutique.
 35889 | Orc:2    | Found Seusor's Antique Weapon Boutique.
 35891 | Orc:2    | Found Raretror's General Store.
 35891 | Orc:2    | Found Fuvetrybb's Jewellery Shop.
 35907 | Orc:2    | Bought a potion of heal wounds for 50 gold pieces
 35907 | Orc:2    | Bought a potion of heal wounds for 50 gold pieces
 36256 | Elf:1    | Entered Level 1 of the Elven Halls
 36723 | Elf:1    | Found Gucaxics's Armour Emporium.
 36757 | Elf:1    | Found Xootawon's Antique Armour Emporium.
 36807 | Elf:1    | Found Osuot's Weapon Shoppe.
 36914 | Elf:1    | Found Hoynixt's Antique Weapon Shop.
 36936 | Elf:1    | Found Evvel's Jewellery Boutique.
 36943 | Elf:1    | Bought a ring of see invisible for 270 gold pieces
 37095 | Elf:1    | Received a gift from Okawaru
 37500 | Elf:2    | Reached skill level 15 in Invocations
 37672 | Elf:2    | Reached XP level 21. HP: 198/245 MP: 6/32
 37887 | Elf:2    | Identified the +0 robe of the Fiddle {Int+4} (Okawaru
                  | gifted it to you on level 2 of the Elven Halls)
 37887 | Elf:2    | Received a gift from Okawaru
 37929 | Elf:2    | Reached skill level 10 in Evocations
 38030 | Elf:2    | Found a runed translucent gate.
 38031 | Elf:2    | Found a runed translucent gate.
 38031 | Elf:2    | Found a runed translucent gate.
 38124 | Elf:2    | Found Esmoh's Antique Weapon Shop.
 38218 | Arena    | Entered the Arena
 39224 | Elf:3    | Entered Level 3 of the Elven Halls
 39631 | Elf:3    | Reached skill level 10 in Dodging
 39666 | Elf:3    | Received a gift from Okawaru
 39904 | Elf:3    | Received a gift from Okawaru
 40433 | Elf:3    | Noticed Nikola
 40444 | Elf:3    | Killed Nikola
 40564 | Abyss:2  | Cast into level 2 of the Abyss (a deep elf sorcerer)
 40566 | Abyss:2  | Found a corrupted altar of Lugonu.
 40893 | Abyss:3  | Found a corrupted altar of Lugonu.
 40925 | Abyss:3  | Found a corrupted altar of Lugonu.
 40925 | Abyss:3  | Found a corrupted altar of Lugonu.
 41086 | Abyss:3  | Reached skill level 10 in Translocations
 41094 | Abyss:3  | Gained mutation: You are very agile. (Dex +8, Str/Int -2)
                  | [a cacodemon]
 41110 | Elf:3    | Escaped the Abyss
 41111 | Elf:3    | Identified the +1 cloak "Ypipp" {rF+} (Okawaru gifted it to
                  | you on level 3 of the Elven Halls)
 41111 | Elf:3    | Received a gift from Okawaru
 41422 | Snake:2  | Bought a potion of brilliance for 60 gold pieces
 41895 | Elf:3    | Identified the +11 halberd "Luagog" {flame, rC+ rCorr
                  | Dex+2}
 42504 | Elf:3    | Identified the +4 falchion of Doom {spect, Stlth+}
 42590 | Elf:3    | Reached skill level 10 in Spellcasting
 42909 | Abyss:3  | Cast into level 3 of the Abyss (a deep elf demonologist)
 42910 | Abyss:3  | Found a corrupted altar of Lugonu.
 43124 | Abyss:3  | Noticed a bone dragon
 43129 | Abyss:3  | Reached XP level 22. HP: 252/253 MP: 36/36
 43143 | Abyss:3  | Gained mutation: Armour fits poorly on your strangely
                  | shaped body. [a neqoxec]
 43473 | Abyss:3  | Noticed an ancient lich
 43487 | Abyss:3  | Killed an ancient lich
 43545 | Abyss:3  | Received a gift from Okawaru
 43572 | Elf:3    | Escaped the Abyss
 43661 | Elf:3    | Identified the +2 robe "Kejeet Gagy" {Drain Regen+ Dex+2
                  | SInv} (Okawaru gifted it to you on level 3 of the Elven
                  | Halls)
 43661 | Elf:3    | Received a gift from Okawaru
 43811 | Elf:3    | Identified the ring of Zesucyl {Int+6 Dex+4}
 43812 | Abyss:3  | Cast into level 3 of the Abyss (a deep elf sorcerer)
 43943 | Abyss:3  | Identified the +2 tower shield of the Enchanted Forest
                  | {rElec Str+3 Dex+5 Slay+3}
 43950 | Abyss:3  | Got an abyssal rune of Zot
 44159 | Elf:3    | Escaped the Abyss
 44409 | Elf:3    | Identified the staff of earth "Mokosue" {rElec SInv}
 44874 | Vaults:1 | Entered Level 1 of the Vaults
 46121 | Vaults:1 | Found Wagi's Jewellery Emporium.
 46133 | Vaults:1 | Bought a ring of poison resistance for 240 gold pieces
 46298 | Vaults:1 | Received a gift from Okawaru
 47520 | Vaults:1 | Found Wagi's Jewellery Emporium.
 48133 | Vaults:2 | Found a flickering gateway to a bazaar.
 48146 | Vaults:2 | Received a gift from Okawaru
 48166 | Bazaar   | Entered a bazaar
 48166 | Bazaar   | Found Unwill's Jewellery Shop.
 48166 | Bazaar   | Found Wiasogo's Distillery.
 48166 | Bazaar   | Found Teiniall's Distillery.
 48261 | Bazaar   | Found Ezent's Jewellery Boutique.
 48310 | Bazaar   | Bought the ring of Hesoq {rC+ Will+ SInv} for 475 gold
                  | pieces
 48324 | Bazaar   | Bought a potion of might for 64 gold pieces
 48324 | Bazaar   | Bought 2 potions of brilliance for 128 gold pieces
 48324 | Bazaar   | Bought a potion of mutation for 128 gold pieces
 48324 | Bazaar   | Bought a potion of resistance for 160 gold pieces
 48324 | Bazaar   | Bought a potion of cancellation for 128 gold pieces
 48324 | Bazaar   | Bought a potion of curing for 48 gold pieces
 48324 | Bazaar   | Bought a potion of curing for 48 gold pieces
 48324 | Bazaar   | Bought a potion of haste for 160 gold pieces
 48335 | Bazaar   | Bought a potion of mutation for 104 gold pieces
 48335 | Bazaar   | Bought 2 potions of magic for 208 gold pieces
 48335 | Bazaar   | Bought a potion of mutation for 104 gold pieces
 48335 | Bazaar   | Bought a potion of curing for 39 gold pieces
 48335 | Bazaar   | Bought a potion of brilliance for 52 gold pieces
 48335 | Bazaar   | Bought a potion of curing for 39 gold pieces
 48335 | Bazaar   | Bought a potion of resistance for 130 gold pieces
 48335 | Bazaar   | Bought a potion of heal wounds for 65 gold pieces
 48335 | Bazaar   | Bought a potion of ambrosia for 104 gold pieces
 48562 | Vaults:2 | Reached XP level 23. HP: 254/263 MP: 10/37
 49033 | Vaults:2 | Noticed Boris
 49045 | Vaults:2 | Killed Boris
 49219 | Vaults:2 | Noticed Asterion
 49227 | Vaults:2 | Killed Asterion
 49258 | Vaults:2 | Identified the +2 robe of the Past {rElec rPois Str-4
                  | Int+3} (Okawaru gifted it to you on level 2 of the Vaults)
 49258 | Vaults:2 | Received a gift from Okawaru
 50254 | Vaults:3 | Found a magical portal.
 50263 | WizLab   | Entered Tukima's Studio
 50961 | WizLab   | Identified the +9 longbow of Cogh {speed, rElec rPois
                  | Str+3}
 51100 | WizLab   | Found the -2 hat of the Alchemist {rElec rPois rF+ rC+ rN+
                  | Will+ rMut rCorr}
 51103 | WizLab   | hello there
 51120 | WizLab   | Noticed Ge0ff's illusion
 51291 | WizLab   | Got the Information on Glamour
 51679 | Vaults:3 | Identified the +10 glaive "Henk" {drain, Dex+4 Stlth+}
                  | (Okawaru gifted it to you on level 3 of the Vaults)
 51679 | Vaults:3 | Received a gift from Okawaru
 52113 | Vaults:3 | Found a staircase to the Crypt.
 52492 | Vaults:3 | Noticed Boris
 52494 | Vaults:3 | Killed Boris
 52856 | Vaults:3 | Received a gift from Okawaru
 53551 | Vaults:3 | Received a gift from Okawaru
 53561 | Vaults:3 | Reached XP level 24. HP: 245/273 MP: 33/37
 54082 | Vaults:4 | Found Hontib's Assorted Antiques.
 54183 | Vaults:4 | Bought a wand of paralysis (6) for 619 gold pieces
 54183 | Vaults:4 | Bought a scroll of immolation for 172 gold pieces
 54628 | Vaults:4 | Found a huge runed gate.
 54628 | Vaults:4 | Found a huge runed gate.
 54628 | Vaults:4 | Found a huge runed gate.
 54628 | Vaults:4 | Found a huge runed gate.
 54628 | Vaults:4 | Found a huge runed gate.
 54629 | Vaults:4 | Found a huge runed gate.
 54629 | Vaults:4 | Found a huge runed gate.
 54629 | Vaults:4 | Found a huge runed gate.
 54629 | Vaults:4 | Found a huge runed gate.
 54632 | Vaults:4 | Found a huge runed gate.
 54632 | Vaults:4 | Found a huge runed gate.
 54632 | Vaults:4 | Found a huge runed gate.
 54632 | Vaults:4 | Found a huge runed gate.
 54632 | Vaults:4 | Found a huge runed gate.
 54632 | Vaults:4 | Found a huge runed gate.
 54633 | Vaults:4 | Found a huge runed gate.
 54634 | Vaults:4 | Found a huge runed gate.
 54635 | Vaults:4 | Found a huge runed gate.
 54643 | Vaults:4 | Found a huge runed gate.
 54643 | Vaults:4 | Found a huge runed gate.
 54643 | Vaults:4 | Found a huge runed gate.
 54643 | Vaults:4 | Found a huge runed gate.
 54643 | Vaults:4 | Found a huge runed gate.
 54643 | Vaults:4 | Found a huge runed gate.
 54644 | Vaults:4 | Found a huge runed gate.
 54645 | Vaults:4 | Found a huge runed gate.
 54646 | Vaults:4 | Found a huge runed gate.
 54654 | Vaults:4 | Found a huge runed gate.
 54654 | Vaults:4 | Found a huge runed gate.
 54654 | Vaults:4 | Found a huge runed gate.
 54654 | Vaults:4 | Found a huge runed gate.
 54654 | Vaults:4 | Found a huge runed gate.
 54654 | Vaults:4 | Found a huge runed gate.
 54655 | Vaults:4 | Found a huge runed gate.
 54685 | Vaults:4 | Found a huge runed gate.
 54686 | Vaults:4 | Found a huge runed gate.
 54811 | Vaults:4 | Found Xavearo's Book Emporium.
 54818 | Vaults:4 | Bought a book of Party Tricks for 288 gold pieces
 54820 | Vaults:4 | Learned a level 1 spell: Apportation
 54980 | Vaults:4 | Identified the +5 gold dragon scales of Irumn {rPois rF+
                  | rC+ rN++ Str+7 Stlth-} (Okawaru gifted it to you on level 4
                  | of the Vaults)
 54980 | Vaults:4 | Received a gift from Okawaru
 54988 | Vaults:4 | Slain by a vault warden

Illustrated notes

## ##### ###
####### ###[
:[}### #
###:..######.
...#####
###.....##....
......##
##...##.......
..))))..
##..##...###.
...###..
##.....###
..#####.
##.@#..## .#
##.. ###...###
###. ###..###
###. ##...##
##.. ###.)##
##)) ##''##
##'' ##[.# #[)
##...## ##..
##...## ##..


Turn 51103 on WizLab: hello there

Levels and vault maps discovered:
D:1:      dpeg_arrival_oval, layout_basic
D:2:      layout_loops_ring, basic_altar, hangedman_glass_garden, uniq_robin,
          uniq_crazy_yiuf_cottage
D:3:      layout_basic, pdpol_temple_overflow_zin_treasury_gozag_greed,
          kennysheep_slug_shrine, chequers_serial_rivers_marsh, uniq_terence,
          uniq_jessica
D:4:      layout_rooms, grunt_temple_overflow_cloverleaf,
          nicolae_overflow_squiral, minmay_temple_entry_overgrown,
          minmay_misc_feat_secret_circle, uniq_duvessa
D:5:      layout_basic
D:6:      layout_loops_ring, mainiacjoe_overflow_boulevard, serial_shops, shop,
          minmay_misc_feat_five, minmay_between
D:7:      layout_loops_corners, enter_bailey_2, serial_shops, shop,
          uniq_menkaure, uniq_joseph
D:8:      layout_loops_cross, minmay_lair_entry_grove, serial_glass,
          glass_columns_b, glass_columns_a, kennysheep_donut,
          onia_ninara_dug_in_and_dangerous
D:9:      minmay_shrinking_squares, layout_loops_ring,
          gammafunk_ghost_berserking_beasts
D:10:     minmay_blocky_corners, layout_loops_ring
D:11:     layout_long_grid, nicolae_water_bricks
D:12:     evilmike_diamond_1, layout_small_grid, erik_orc_1,
          gammafunk_ghost_wrathful_warriors, uniq_azrael
D:13:     layout_irregular_city, uniq_urug
D:14:     layout_loops_cross, david_vaults_1, chequers_jeans
D:15:     grunt_enter_depths_magical_seal, layout_gridville,
          portal_ice_cave_entry_pillars_three,
          nicolae_gozag_cash_rules_everything_around_me, uniq_kirke
Temple:   nicolae_temple_slightly_damp_pantheon
Lair:1:   layout_long_grid, lemuel_fruit_tree, infiniplex_staircase_pool_2,
          serial_bayou_shore_a
Lair:2:   dreamdust_isle_of_ice, layout_cave_pods, swamp_mist
Lair:3:   layout_cave_pods, guppyfry_snake_entry_garden, uniq_rupert
Lair:4:   wad_woods_structure_01, layout_cave_pods, basic_altar,
          minmay_stone_trees_small
Lair:5:   due_jungle_book, layout_long_grid, minmay_slime_entry_oklob_enclosed,
          basic_altar, gauntlet_entry_generic
Swamp:1:  cheibrodos_swamp_monstrosity, layout_basic_swamp, serial_swamp_ruin,
          evilmike_swamp_ruin_house_1, evilmike_swamp_ruin_rubble_1,
          infiniplex_staircase_pool
Swamp:2:  layout_falls_marsh, evilmike_swamp_ruin_house_6, swamp_pool3
Swamp:3:  layout_falls_marsh, hangedman_swamp_ruin_wall
Swamp:4:  swamp, layout_basic_swamp, nicolae_swamp_bean_lake
Snake:1:  layout_rooms, grunt_megastairs_1, uniq_jorgrun
Snake:2:  layout_cave_shapes, serial_shops, nicolae_shop_window_shopping,
          serial_bayou_ford_a, grunt_megastairs_4, uniq_vashnia, uniq_roxanne
Snake:3:  cheibrodos_forgotten_conduit, layout_misc_corridors, drop_trap,
          uniq_aizul
Snake:4:  snake_pit_salamanders_mu, layout_gridlike, uniq_louise
Orc:1:    dreamdust_wu_jian_sword_trials, layout_caves, basic_altar
Orc:2:    st_orc_congregation, layout_diamond_mine, mines1_david
Elf:1:    layout_rooms, serial_shops, nicolae_shop_stone, nicolae_square_shop,
          shop, shop, shop, minivault_28, minivault_28
Elf:2:    nicolae_elf_blades_crystal_corner, layout_rooms, serial_shops,
          nicolae_take_the_stairs
Elf:3:    minmay_elf_hall_dome, layout_loops_ring, dreamdust_wishing_well,
          uniq_nikola
Vaults:1: vaults_room_door_ring, ontoclasm_vaults_shout,
          nicolae_vaults_asterisk, vaults_room_grunt_arrival_ludios,
          nicolae_vaults_big_ls, v_misc_15, vaults_dpeg_diagonal,
          grunt_vaults_hallway_short, layout_vaults_chaotic_city, serial_shops,
          nicolae_shop_hallway_plus
Vaults:2: nicolae_vaults_little_squares_5, v_misc_9, hangedman_vaults_pinch,
          hangedman_vaults_impose, ontoclasm_vaults_spin,
          ontoclasm_vaults_decontamination, v_misc_24, vaults_room_ringed_pool,
          v_misc_1, ontoclasm_vaults_misaligned, ontoclasm_vaults_shuriken,
          v_alt_pattern_3, grunt_vaults_bifocal, grunt_vaults_swirl,
          layout_vaults_maze_bifur, serial_shops, bzr_entry_water,
          uniq_asterion, uniq_boris
Vaults:3: mu_enter_wizlab_3, nicolae_vaults_network_quinsquares
          [nicolae_vaults_network_quincunx_subvault,
          nicolae_vaults_network_quincunx_subvault,
          nicolae_vaults_network_quincunx_subvault,
          nicolae_vaults_network_quincunx_subvault],
          hangedman_vaults_river_flow, hangedman_vaults_stitches,
          minmay_crypt_entry_simple_box, vaults_dpeg_hooks,
          hangedman_vaults_nodes, v_misc_10, v_pattern_5,
          nicolae_vaults_little_squares_5, grunt_vaults_hallway_long,
          vaults_room_semicircle, layout_vaults_omnibox
Vaults:4: v_misc_15, door_vault, nicolae_vaults_little_squares_4,
          hangedman_vaults_stretched_pinwheel, nicolae_vaults_little_squares_2,
          v_misc_15, nicolae_vaults_circle_grid_b, ontoclasm_vaults_chip,
          nicolae_vaults_what_the_h, vaults_room_hallway,
          layout_vaults_omnigrid, serial_shops, shop, shop

Skill      XL: |  1  2  3  4  5  6  7  8  9 10 11 12 13 14 15 16 17 18 19 20 21 22 23 24 |
---------------+-------------------------------------------------------------------------+-----
Stealth        | 1 2 |  2.0
Evocations     | 1 2 3 4 5 6 7 8 9 10 11 12 | 12.3
Polearms       | 4 5 6 9 12 14 15 16 17 18 19 20 21 | 21.7
Fighting       | 5 6 7 8 10 13 16 19 21 22 | 22.0
Throwing       | 2 4 6 7 8 9 10 11 12 13 14 | 14.5
Armour         | 2 3 5 7 8 9 10 11 12 | 12.0
Invocations    | 1 4 6 7 8 9 10 11 12 13 15 16 17 18 | 18.0
Dodging        | 3 4 6 7 8 9 10 11 12 | 12.5
Spellcasting   | 1 4 6 7 10 | 10.0
Translocations | 1 4 6 8 10 12 | 12.0

Action                     |  1- 3 |  4- 6 |  7- 9 | 10-12 | 13-15 | 16-18 | 19-21 | 22-24 || total
---------------------------+-------+-------+-------+-------+-------+-------+-------+-------++-------
  Melee: Spear             |   118 |   138 |    44 |       |       |       |       |       ||   300
         Punch             |     2 |     1 |     4 |     8 |       |     3 |       |       ||    18
         Trident           |       |       |   331 |   496 |    30 |    88 |    43 |       ||   988
         Unarmed           |       |       |    12 |     3 |       |       |       |       ||    15
         Halberd           |       |       |       |   117 |   860 |   531 |       |       ||  1508
         Kick              |       |       |       |       |   160 |   218 |   207 |   110 ||   695
         Glaive            |       |       |       |       |       |    88 |  1386 |  1128 ||  2602
  Throw: Javelin           |     3 |       |     1 |     1 |    17 |    93 |    74 |     3 ||   192
         Stone             |       |     3 |    22 |    60 |       |       |       |       ||    85
         Dart              |       |       |     2 |    14 |    11 |       |     5 |     1 ||    33
         Throwing net      |       |       |     1 |       |       |       |       |       ||     1
         Boomerang         |       |       |       |    79 |    82 |       |   171 |   103 ||   435
   Cast: Manifold Assault  |       |       |       |       |       |       |   296 |   397 ||   693
         Blink             |       |       |       |       |       |       |     1 |       ||     1
 Invoke: Heroism           |       |       |     3 |     7 |     5 |     6 |     7 |     3 ||    31
         Finesse           |       |       |       |     2 |     6 |     7 |     7 |     1 ||    23
         Duel              |       |       |       |       |       |       |     1 |       ||     1
  Evoke: Piece from Xom's  |     3 |     3 |     4 |     2 |       |       |       |       ||    12
         Wand              |       |     1 |    12 |     8 |     8 |     2 |    10 |     4 ||    45
         Condenser vane    |       |       |       |     2 |     4 |     7 |    10 |     7 ||    30
         Tin of tremorston |       |       |       |       |       |       |     8 |     3 ||    11
    Use: Scroll            |     5 |     7 |     9 |    14 |    14 |     4 |     6 |     6 ||    65
         Potion            |       |     1 |    12 |     1 |     4 |     1 |     9 |     1 ||    29
   Stab: Sleeping          |     2 |     2 |     1 |       |       |       |     3 |       ||     8
         Invisible         |       |     4 |       |     1 |    10 |       |     1 |       ||    16
         Confused          |       |       |       |       |     1 |     1 |       |       ||     2
         Distracted        |       |       |       |       |     1 |       |     5 |     1 ||     7
 Armour: Robe              |    48 |    40 |   115 |     1 |       |       |       |       ||   204
         Skin              |       |       |     6 |     3 |       |       |       |       ||     9
         Steam dragon scal |       |       |       |    52 |       |       |       |       ||    52
         Troll leather arm |       |       |       |    97 |   281 |   322 |   249 |   107 ||  1056
  Dodge: Dodged            |    74 |    69 |   182 |   256 |   560 |   470 |   581 |   302 ||  2494
  Block: Other             |       |       |       |    49 |   144 |   112 |   129 |    54 ||   488

Table legend: (Time is in decaauts)
 A = Elapsed time spent in this place.
 B = Non-inter-level travel time spent in this place.
 C = Inter-level travel time spent in this place.
 D = Time resting spent in this place.
 E = Time spent auto-exploring this place.
 F = Levels seen in this place.
 G = Mean time per level.
                   A        B        C        D        E       F      G
               +--------+--------+--------+--------+--------+-----+--------+
         Total |  54620 |  51167 |   3453 |   4086 |  34612 |  48 | 1137.9 |
       Dungeon |  16372 |  14555 |   1817 |    581 |  10445 |  15 | 1091.5 |
        Temple |    205 |    164 |     41 |      0 |    151 |   1 |  205.0 |
          Lair |   5137 |   4692 |    445 |    121 |   3407 |   5 | 1027.4 |
         Swamp |   3869 |   3751 |    118 |    170 |   2653 |   4 |  967.2 |
     Snake Pit |   6101 |   5557 |    544 |    254 |   3707 |   4 | 1525.2 |
  Orcish Mines |   3111 |   2933 |    178 |    111 |   2134 |   2 | 1555.5 |
   Elven Halls |   6364 |   6157 |    207 |   1075 |   3888 |   3 | 2121.3 |
        Vaults |   8685 |   8584 |    101 |    125 |   7403 |   4 | 2171.2 |
         Abyss |   1562 |   1562 |      0 |    312 |     64 |   4 |  390.5 |
        Bazaar |    176 |    176 |      0 |      0 |    140 |   1 |  176.0 |
        Bailey |    906 |    906 |      0 |    508 |    241 |   1 |  906.0 |
      Ice Cave |    775 |    775 |      0 |    109 |    124 |   1 |  775.0 |
        Wizlab |   1101 |   1101 |      0 |    719 |    106 |   1 | 1101.0 |
      Gauntlet |    231 |    231 |      0 |      0 |    149 |   1 |  231.0 |
         Arena |     18 |     18 |      0 |      0 |      0 |   1 |   18.0 |
               +--------+--------+--------+--------+--------+-----+--------+

Top non-repeatable levels by time:
Vaults:1: 3040 daAuts
   Elf:3: 2859 daAuts
Vaults:3: 2702 daAuts
 Snake:4: 2453 daAuts
   Elf:2: 2129 daAuts
   Orc:2: 1963 daAuts
Vaults:2: 1851 daAuts
    D:12: 1843 daAuts
     D:6: 1748 daAuts
 Snake:2: 1561 daAuts
  Lair:5: 1524 daAuts
     D:9: 1475 daAuts
 Swamp:4: 1465 daAuts
   Elf:1: 1375 daAuts
  Lair:2: 1324 daAuts
